 Dungeon Crawl Stone Soup version 0.28-a0-957-g42eb19b844 (webtiles) character file.

Game seed: 14835023210375464976

170 ryw the Sneak (level 5, 0/40 HPs)
             Began as a Human Brigand on Nov 30, 2021.
             Killed from afar by a white imp (4 damage)
             ... with a puff of frost
             ... on level 4 of the Dungeon.
             The game lasted 00:05:12 (3296 turns).

ryw the Sneak (Human Brigand)                       Turns: 3296, Time: 00:05:12

Health: 0/40       AC:  4    Str: 13    XL:     5   Next: 80%
Magic:  4/4        EV: 12    Int: 14    God:
Gold:   116        SH:  0    Dex: 16    Spells: 4/4 levels left

rFire   . . .      SeeInvis .   a - +2 dagger
rCold   . . .      Faith    .   (no shield)
rNeg    . . .      Spirit   .   b - +0 robe
rPois   .          Reflect  .   (no helmet)
rElec   .          Harm     .   c - +0 cloak
rCorr   .          Rampage  .   h - +0 pair of gloves
Will    .....                   (no boots)
Stlth   +++.......              (no amulet)
HPRegen 0.13/turn               (no ring)
MPRegen 0.09/turn               (no ring)

@: attractive
A: clever 1, low mp 1, strong 1, evolution 1
a: no special abilities


You were on level 4 of the Dungeon.
You visited 1 branch of the dungeon, and saw 4 of its levels.

You collected 116 gold pieces.

Inventory:

Hand Weapons
 a - a +2 dagger (weapon)
 i - a +0 dagger of venom
Missiles
 d - 6 poisoned darts (quivered)
 l - 3 boomerangs of dispersal
Armour
 b - a +0 robe (worn)
 c - a +0 cloak (worn)
 h - a +0 pair of gloves (worn)
Scrolls
 f - a scroll of fog
 g - 2 scrolls of identify
 m - a scroll of teleportation
Potions
 k - a potion of mutation
 n - a potion of curing


   Skills:
 + Level 2.9 Fighting
 * Level 3.5 Short Blades
 + Level 2.8 Throwing
 + Level 2.1 Dodging
 + Level 4.6 Stealth


You had 4 spell levels left.
You didn't know any spells.
Your spell library was empty.

Dungeon Overview and Level Annotations

Branches:
Dungeon (4/15)
 Temple: D:4-7

Altars:
Hepliaklqana
Xom

Shops:
D:1 !**=:

Annotations:
D:2 1 runed translucent door, Crazy Yiuf


Innate Abilities, Weirdness & Mutations

Your mind is acute. (Int +2)
Your magical capacity is low. (-10% MP)
Your muscles are strong. (Str +2)
You have hidden genetic potential.


Message History

Press: ? - help, Q - select action, (/) - cycle Shift-Dir - straight line, f - white imp
Aim: a white imp (heavily wounded, 62% to hit)
You throw a curare-tipped dart.
The curare-tipped dart closely misses the white imp.
The white imp hits you. The white imp freezes you.
* * * LOW HITPOINT WARNING * * *
Throw: dart (curare)
Press: ? - help, Q - select action, (/) - cycle Shift-Dir - straight line, f/p - white imp
Aim: a white imp (heavily wounded, 62% to hit)
You throw a curare-tipped dart.
The curare-tipped dart hits the white imp.
The white imp is heavily wounded.
The white imp hits you but does no damage.
Throw: 7 darts (poison)
Press: ? - help, Q - select action, (/) - cycle Shift-Dir - straight line, f/p - white imp
Aim: a white imp (heavily wounded, 62% to hit)
You throw a poisoned dart. The poisoned dart hits the white imp!
The white imp is heavily wounded.
Unknown command.
You hit the white imp.
The white imp is severely wounded.
The white imp hits you but does no damage.
You hit the white imp.
The white imp is almost dead.
The white imp gestures at you. The puff of frost hits you.
* * * LOW HITPOINT WARNING * * *
You barely miss the white imp.
The white imp is almost dead.
The white imp misses you.
You barely miss the white imp.
The white imp is almost dead.
The white imp gestures at you. The puff of frost hits you.
* * * LOW HITPOINT WARNING * * *
You barely miss the white imp.
The white imp is almost dead.
The white imp gestures at you. The puff of frost hits you.
You die...

##.##...######
##.#.##
##.#.##
##.#.##
##.#.##
##.#.##
##.#.##
##.#.## ##.#@#
##.#5# ## #.#
#(# ##


You could see a white imp.

Vanquished Creatures
  Terence (D:2)
  7 adders (D:3)
  A worm (D:3)
  2 dart slugs
  3 orcs (D:2)
  8 bats
  6 endoplasms
  3 giant cockroaches
  3 goblins (D:1)
  5 hobgoblins
  7 jackals
  A quokka (D:2)
  8 ball pythons
  A frilled lizard (D:1)
  7 kobolds
  6 rats
69 creatures vanquished.

Vanquished Creatures (others)
  A plant (D:1)
1 creature vanquished.

Grand Total: 70 creatures vanquished

Notes
Turn   | Place    | Note
-------+----------+-------------------------------------------
     0 | D:1      | ryw the Human Brigand began the quest for the Orb.
     0 | D:1      | Reached XP level 1. HP: 16/16 MP: 1/1
    34 | D:1      | Found Jew Sier's Assorted Antiques.
    99 | D:1      | Reached XP level 2. HP: 19/22 MP: 2/2
   289 | D:1      | Found Zoonwete's Distillery.
   494 | D:1      | Reached XP level 3. HP: 17/27 MP: 3/3
   782 | D:1      | Found Zuru's Assorted Antiques.
   952 | D:1      | Found Juenist's Book Boutique.
   967 | D:1      | Found Resugose's Jewellery Emporium.
  1286 | D:2      | Found a runed translucent door.
  1287 | D:2      | Noticed Crazy Yiuf
  1610 | D:2      | Found a faded altar of an unknown god.
  1714 | D:2      | Noticed Terence
  1719 | D:2      | Killed Terence
  1720 | D:2      | Reached XP level 4. HP: 32/34 MP: 4/4
  2464 | D:3      | Reached XP level 5. HP: 39/39 MP: 5/5
  3220 | D:4      | Found a hazy altar of Hepliaklqana.
  3221 | D:4      | Found a shimmering altar of Xom.
  3222 | D:4      | Noticed a spectral ugly thing
  3284 | D:4      | Gained mutation: Your magical capacity is low. (-10% MP)
                  | [potion of mutation]
  3284 | D:4      | Gained mutation: Your mind is acute. (Int +2) [potion of
                  | mutation]
  3284 | D:4      | Gained mutation: Your muscles are strong. (Str +2) [potion
                  | of mutation]
  3284 | D:4      | Gained mutation: You have hidden genetic potential. [potion
                  | of mutation]
  3296 | D:4      | Killed from afar by a white imp

Illustrated notes

Levels and vault maps discovered:
D:1:      dpeg_chamrin_arrival_tetris, layout_basic, serial_shops,
          nicolae_shop_window_shopping, nicolae_diamond_shop,
          nicolae_shop_overgrown_old_shop, nicolae_shop_waterfront,
          shop_fountains
D:2:      layout_basic, shapermc_ecumenical_altar_mp_vishouse, minmay_tripent,
          uniq_terence, uniq_crazy_yiuf_cottage
D:3:      layout_loops_cross, minmay_snake_closets
D:4:      minmay_inner_zag, layout_basic, regret_index_temple_of_mockery,
          serial_shops, nicolae_diamond_shop

Skill      XL: |  1  2  3  4  5 |
---------------+----------------+-----
Short Blades   | 3 |  3.5
Dodging        | 2 |  2.1
Fighting       | |  2.9
Throwing       | |  2.8
Stealth        | |  4.6

Action                   |  1- 3 |  4- 6 || total
-------------------------+-------+-------++-------
Melee: Dagger            |    91 |   114 ||   205
Throw: Dart              |       |    10 ||    10
  Use: Scroll            |       |     6 ||     6
       Potion            |       |     4 ||     4
 Stab: Sleeping          |    12 |    10 ||    22
Armor: Robe              |    20 |    19 ||    39
Dodge: Dodged            |    44 |    55 ||    99

Table legend: (Time is in decaauts)
 A = Elapsed time spent in this place.
 B = Non-inter-level travel time spent in this place.
 C = Inter-level travel time spent in this place.
 D = Time resting spent in this place.
 E = Time spent auto-exploring this place.
 F = Levels seen in this place.
 G = Mean time per level.
                   A        B        C        D        E       F      G
               +--------+--------+--------+--------+--------+-----+--------+
         Total |   3266 |   3172 |     94 |      7 |   2627 |   4 |  816.5 |
       Dungeon |   3266 |   3172 |     94 |      7 |   2627 |   4 |  816.5 |
               +--------+--------+--------+--------+--------+-----+--------+

Top non-repeatable levels by time:
     D:3: 1187 daAuts
     D:1: 1019 daAuts
     D:2: 956 daAuts
     D:4: 103 daAuts
